 Dungeon Crawl Stone Soup version 0.30-a0-279-g4b46babb21 (webtiles) character file.

Game seed: 16700567710380399812

9313 themarg the Fighter (level 11, -1/105 HPs)
             Began as a Minotaur Monk on Oct 16, 2022.
             Was a High Priest of Okawaru.
             Slain by an ogre
             ... wielding a +0 giant club
             ... led by Lodul
              (23 damage)
             ... on level 10 of the Dungeon.
             The game lasted 00:35:17 (12217 turns).

themarg the Fighter (Minotaur Monk)                Turns: 12217, Time: 00:35:18

Health: -1/105     AC: 16    Str: 20    XL:     11   Next: 21%
Magic:  13/17      EV: 10    Int:  7    God:    Okawaru [*****.]
Gold:   1077       SH: 12    Dex: 19    Spells: 10/10 levels left

rFire   . . .      SeeInvis .    I - +0 morningstar
rCold   . . .      Faith    .    D - +0 kite shield
rNeg    + . .      Spirit   .    F - +0 plate armour
rPois   .          Reflect  .    (helmet restricted)
rElec   .          Harm     .    t - scarf {+Inv}
rCorr   .          Rampage  .    A - +0 pair of gloves
Will    .....                    (no boots)
Stlth   ..........               (no amulet)
HPRegen 0.37/turn                K - +6 ring of dexterity
MPRegen 0.15/turn                N - ring of positive energy

@: heroic, finesse-ful
A: horns 2, retaliatory headbutt
a: Renounce Religion, Evoke Invisibility, Heroism, Finesse, Duel


You were on level 10 of the Dungeon.
You worshipped Okawaru.
Okawaru was extremely pleased with you.
You visited 1 branch of the dungeon, and saw 10 of its levels.
You also visited: Sewer.

You collected 1122 gold pieces.
You spent 45 gold pieces at shops.

Inventory:

Hand Weapons
 I - a +0 morningstar (weapon)
 M - a +2 dire flail of protection
Missiles
 d - 136 stones
 r - 45 poisoned darts (quivered)
 u - an atropa-tipped dart
 v - 6 silver javelins
 y - 6 boomerangs
 P - 2 curare-tipped darts
Armour
 t - a scarf of invisibility (worn)
 A - a +0 pair of gloves (worn)
 D - a +0 kite shield (worn)
 F - a +0 plate armour (worn)
Jewellery
 a - a ring of flight
 p - a +6 ring of intelligence
 K - a +6 ring of dexterity (left hand)
 N - a ring of positive energy (right hand)
 R - a ring of willpower
Wands
 m - a wand of quicksilver (7)
 x - a wand of roots (13)
 z - a wand of flame (18)
 O - a wand of polymorph (6)
Scrolls
 b - 2 scrolls of poison
 c - 3 scrolls of enchant weapon
 q - 2 scrolls of enchant armour
 s - a scroll of teleportation {unknown}
 B - a scroll of identify
 E - 3 scrolls of fear {unknown}
 G - 2 scrolls of immolation {unknown}
 H - 2 scrolls of amnesia {unknown}
 J - a scroll of noise {unknown}
 Q - a scroll of brand weapon {unknown}
Potions
 e - 2 potions of flight {unknown}
 f - a potion of cancellation {unknown}
 g - 2 potions of curing
 h - 4 potions of attraction
 i - 5 potions of invisibility {unknown}
 j - 3 potions of mutation {unknown}
 k - 4 potions of degeneration
 l - 2 potions of berserk rage {unknown}
 n - 4 potions of brilliance
 o - 3 potions of lignification
 w - 7 potions of heal wounds
 C - a potion of resistance {unknown}
 L - a potion of magic {unknown}
Miscellaneous
 S - a phial of floods


   Skills:
 + Level 12.4(17.4) Fighting
 - Level 7.0(12.0) Maces & Flails
 + Level 6.1(11.1) Armour
 - Level 5.0(10.0) Dodging
 - Level 2.5(7.5) Stealth
 - Level 5.0(10.0) Shields
 - Level 10.0 Invocations
 + Level 4.2 Evocations


You had 10 spell levels left.
You didn't know any spells.
Your spell library contained the following spells:

 Spells                   Type           Power      Damage    Failure   Level
 Apportation              Tloc           0%         N/A       100%        1
 Beastly Appendage        Tmut           0%         N/A       100%        1
 Kiss of Death            Conj/Necr      0%         2d5       100%        1
 Necrotise                Necr           0%         1d4       100%        1
 Cigotuvi's Dreadful Rot  Necr/Pois/Air  0%         N/A       100%        2
 Wereblood                Tmut           0%         N/A       100%        2
 Confusing Touch          Hex            0%         N/A       100%        3
 Spider Form              Tmut/Pois      0%         N/A       100%        3
 Dispel Undead            Necr           0%         3d6       100%        4
 Borgnjor's Vile Clutch   Necr/Erth      0%         N/A       100%        5
 Summon Small Mammal      Summ           Unusable   N/A       N/A         1
 Animate Dead             Necr           Unusable   N/A       N/A         4
 Death Channel            Necr           Unusable   N/A       N/A         6

Dungeon Overview and Level Annotations

Branches:
Dungeon (10/15)            Temple (0/1) D:5            Lair (0/5) D:10
  Sewer (visited)
    Orc: D:9-12

Altars:
Ashenzari
Dithmenos
Gozag
Hepliaklqana
Makhleb
Okawaru
Uskayaw
Wu Jian

Shops:
D:5 (   D:9 (   D:10 *


Innate Abilities, Weirdness & Mutations

You have a pair of horns on your head.
You reflexively headbutt those who attack you in melee.


Message History

There is a stone staircase leading down here.
You hit Lodul but do no damage. Your headbutt misses Lodul.
Lodul is moderately wounded.
You barely miss Lodul. You headbutt Lodul.
Lodul is moderately wounded.
Lodul hits you with a +2 dire flail of protection.
You hit Lodul.
Lodul is moderately wounded.
You hit Lodul. You headbutt Lodul, but do no damage.
Lodul is moderately wounded.
You hit Lodul but do no damage. You headbutt Lodul, but do no damage.
Lodul is moderately wounded.
You block Lodul's attack.
You sock Lodul!
Lodul is heavily wounded.
You bludgeon Lodul!!
Lodul is almost dead.
You impale Lodul!!
You kill Lodul!
Okawaru accepts your kill.
Base training target 7.0 for Maces & Flails reached!
Your base Maces & Flails skill increases to level 7!
Your base Armour skill increases to level 6!
You now have enough gold to buy the +7 lajatang of Order {silver, rMut} on this level.
You can access your shopping list by pressing '$'.
You now have 1077 gold pieces (gained 453).
Things that are here:
a +2 dire flail of protection; the ogre corpse of Lodul
M - a +2 dire flail of protection
There is a stone staircase leading down here.
You climb downwards.
The ogre closely misses you. The ogre hits you with a +0 giant club.
The ogre hits you with a +0 giant club!!
The ogre hits you but does no damage. The ogre hits you with a +0 giant club!
There is a stone staircase leading up, spattered with blood here.
The ogre hits you with a +0 giant club!
* * * LOW HITPOINT WARNING * * *
You block the ogre's attack.
The ogre hits you with a +0 giant club!!
You die...

###############
#...O@OO.......
#########..)OOOO........######
#..........)[O...O............
#.............................
#.............................
#.............................
#........#########............
##.......# ......#............
#.......##......#.....#######


You could see 9 ogres.

Vanquished Creatures
  Lodul (D:9)
  Pikel (D:5)
  A manticore (D:10)
  Joseph (D:9)
  The ghost of Taurus the Chopper, a novice MiFi (D:4)
  2 komodo dragons (D:10)
  A troll (D:10)
  Grinder (D:3)
  3 wyverns
  13 yaks
  A steam dragon (D:8)
  Menkaure (D:4)
  Edmund (D:5)
  An acid dragon (D:9)
  A water moccasin (D:7)
  3 orc warriors
  An ice beast (D:6)
  3 sky beasts
  2 ogres
  3 black bears
  5 kobold brigands
  3 necrophages
  3 bullfrogs
  A wyvern zombie (D:3)
  3 scorpions
  A wight (Sewer)
  The ghost of iguanaiguana the Cudgeller, a weakling AtWr of Gozag (D:3)
  5 killer bees (D:10)
  3 howler monkeys
  A bullfrog zombie (D:3)
  A hound (D:5)
  A jelly (D:8)
  3 orc priests
  4 gnoll boudas
  4 iguanas
  8 orc wizards
  18 gnolls
  10 adders
  3 shadow imps (Sewer)
  A white imp (D:7)
  2 ufetubi (Sewer)
  A worm (D:2)
  2 dart slugs (D:4)
  26 orcs
  6 endoplasms
  10 giant cockroaches
  4 goblins
  9 hobgoblins
  8 jackals
  2 quokkas
  8 ball pythons
  6 bats
  2 frilled lizards (D:2)
  A giant cockroach zombie (Sewer)
  45 kobolds
  3 kobold zombies (Sewer)
  6 rats
262 creatures vanquished.

Vanquished Creatures (others)
  An orc wizard (D:9)
  68 plants
69 creatures vanquished.

Grand Total: 331 creatures vanquished

Notes
Turn   | Place    | Note
-------+----------+-------------------------------------------
     0 | D:1      | themarg the Minotaur Monk began the quest for the Orb.
     0 | D:1      | Reached XP level 1. HP: 19/19 MP: 0/0
   203 | D:1      | Reached XP level 2. HP: 27/27 MP: 1/1
   344 | D:1      | You fall into a shaft and drop 1 floor!
   437 | D:2      | Reached skill level 4 in Fighting
   656 | D:1      | Reached XP level 3. HP: 33/33 MP: 2/2
  1260 | D:2      | Reached skill level 5 in Fighting
  1379 | D:2      | Reached XP level 4. HP: 42/42 MP: 3/3
  2474 | D:3      | Found a transporter.
  2490 | D:3      | Noticed iguanaiguana's ghost (weakling AtWr)
  2493 | D:3      | Noticed a necrophage
  2494 | D:3      | Found a transporter.
  2521 | D:3      | Noticed Grinder
  2536 | D:3      | Paralysed by Grinder for 4 turns
  2542 | D:3      | Killed Grinder
  2543 | D:3      | Reached skill level 7 in Fighting
  2543 | D:3      | Reached XP level 5. HP: 13/53 MP: 4/4
  2543 | D:3      | Reached XP level 6. HP: 15/61 MP: 5/5
  3145 | D:4      | Reached skill level 8 in Fighting
  3700 | D:4      | Found a runed translucent door.
  3703 | D:4      | Noticed Taurus's ghost (novice MiFi)
  3879 | D:4      | Noticed Menkaure
  3886 | D:4      | HP: 1/62 [Menkaure (17)]
  3889 | D:4      | Killed Menkaure
  3890 | D:4      | Reached skill level 9 in Fighting
  3890 | D:4      | Reached XP level 7. HP: 9/70 MP: 6/6
  4238 | D:4      | Found an ornate altar of the Wu Jian Council.
  4342 | D:4      | Found a hide-covered altar of Uskayaw.
  4345 | D:4      | Found an iron altar of Okawaru.
  4349 | D:4      | Became a worshipper of Warmaster Okawaru
  4349 | D:4      | Reached * piety under Okawaru
  4349 | D:4      | Reached ** piety under Okawaru
  4353 | D:4      | Found a shadowy altar of Dithmenos.
  4460 | D:5      | Entered Level 5 of the Dungeon
  4545 | D:5      | Noticed Pikel
  4554 | D:5      | Killed Pikel
  4555 | D:5      | Reached skill level 10 in Fighting
  4555 | D:5      | Reached XP level 8. HP: 67/79 MP: 6/10
  4659 | D:5      | Found a hazy altar of Hepliaklqana.
  4691 | D:5      | Reached *** piety under Okawaru
  4692 | D:5      | Reached skill level 5 in Invocations
  4705 | D:5      | Reached skill level 1 in Armour
  4844 | D:5      | Found Qottom's Hydra Hut.
  4848 | D:5      | Noticed an eight-headed hydra
  4890 | D:5      | Noticed Edmund
  4905 | D:5      | Killed Edmund
  5375 | D:5      | Found a staircase to the Ecumenical Temple.
  5716 | D:6      | Found a glowing drain.
  5745 | Sewer    | Entered a sewer
  5888 | Sewer    | Reached skill level 11 in Fighting
  5892 | Sewer    | Found an ancient bone altar of Kikubaaqudgha.
  5915 | Sewer    | Reached **** piety under Okawaru
  6129 | D:6      | Reached XP level 9. HP: 89/89 MP: 12/12
  6200 | D:6      | Found a broken altar of Ashenzari.
  6436 | D:6      | Found an opulent altar of Gozag.
  6878 | D:6      | Reached skill level 5 in Dodging
  7395 | D:3      | Killed iguanaiguana's ghost
  7401 | D:3      | Reached skill level 12 in Fighting
  7553 | D:4      | Killed Taurus's ghost
  7554 | D:4      | Reached skill level 5 in Armour
  7866 | D:7      | Reached skill level 1 in Shields
  8447 | D:8      | Identified the +7 hand axe "Onkoe" {protect, rF++ Str-5
                  | Dex+3}
  8617 | D:8      | Reached XP level 10. HP: 48/97 MP: 12/15
  9247 | D:8      | Reached skill level 5 in Shields
  9261 | D:8      | Reached ***** piety under Okawaru
  9650 | D:9      | Received a gift from Okawaru
  9960 | D:9      | Reached skill level 10 in Invocations
  9967 | D:9      | Reached skill level 1 in Evocations
 10182 | D:9      | Found Reokhloc's Weapon Shop.
 10198 | D:9      | Noticed Joseph
 10211 | D:9      | Killed Joseph
 10212 | D:9      | Reached skill level 5 in Maces & Flails
 10800 | D:10     | Entered Level 10 of the Dungeon
 10800 | D:10     | Noticed Lodul
 10830 | D:10     | Noticed a manticore
 10861 | D:10     | Killed a manticore
 11181 | D:10     | Found Cafah's Changing Room.
 11199 | D:10     | Bought a potion of lignification for 45 gold pieces
 11499 | D:10     | Reached XP level 11. HP: 60/95 MP: 17/17
 11991 | D:10     | Found a staircase to the Lair.
 12060 | D:10     | Found a burning altar of Makhleb.
 12095 | D:10     | Received a gift from Okawaru
 12210 | D:9      | Killed Lodul
 12217 | D:10     | Slain by an ogre

Illustrated notes

Levels and vault maps discovered:
D:1:      dpeg_arrival_fog, layout_basic, serial_bayou, serial_bayou_shore_a,
          serial_bayou_crossing, serial_bayou_lagoon_a, serial_bayou_ford_a
D:2:      layout_basic, minmay_misc_feat_roman
D:3:      layout_basic, gammafunk_ghost_mausoleum, uniq_grinder
D:4:      layout_loops_ring, grunt_temple_overflow_diamond,
          kennysheep_little_box, ebering_ghost_reflecting_pool, uniq_menkaure
D:5:      layout_loops_ring, lemuel_doored_altar, temple_hall,
          chequers_serial_rivers_large_a, doesnt_shop_hydraphobe, uniq_pikel,
          uniq_edmund
D:6:      layout_gridville, mainiacjoe_overflow_six_doors_small,
          mainiacjoe_overflow_chevrons, gup_sewer_entry_glass
D:7:      layout_basic
D:8:      layout_rooms
D:9:      layout_rooms, serial_corexii_hall, chequers_hall_statues_wall_a,
          corexii_hall_statues_s, serial_shops, shop, uniq_joseph
D:10:     layout_irregular_city, kennysheep_mini, david_lair_shrubbed,
          nicolae_transmutations_shop, uniq_lodul

Skill      XL: |  1  2  3  4  5  6  7  8  9 10 11 |
---------------+----------------------------------+-----
Fighting       | 4 5 7 9 10 11 12 | 12.4
Stealth        | 2 |  2.5
Invocations    | 4 5 8 10 | 10.0
Armour         | 3 5 6 |  6.1
Dodging        | 4 5 |  5.0
Shields        | 4 5 |  5.0
Maces & Flails | 6 7 |  7.0
Evocations     | 3 4 |  4.2

Action                   |  1- 3 |  4- 6 |  7- 9 | 10-12 || total
-------------------------+-------+-------+-------+-------++-------
Melee: Mace              |    77 |   103 |     7 |       ||   187
       Headbutt          |    11 |    15 |    61 |    76 ||   163
       Flail             |       |       |    61 |       ||    61
       Dire flail        |       |       |   171 |       ||   171
       Punch             |       |       |     3 |       ||     3
       Morningstar       |       |       |    97 |   310 ||   407
Throw: Dart              |       |       |       |     3 ||     3
Invok: Heroism           |       |       |     3 |     5 ||     8
       Finesse           |       |       |     2 |     4 ||     6
Evoke: Wand              |       |     3 |     1 |       ||     4
  Use: Potion            |       |     3 |       |       ||     3
       Scroll            |       |       |     4 |     5 ||     9
 Stab: Sleeping          |     3 |     3 |       |       ||     6
       Distracted        |     2 |       |     1 |       ||     3
Armor: Leather armour    |    13 |       |       |       ||    13
       Ring mail         |       |    16 |       |       ||    16
       Chain mail        |       |    22 |   106 |       ||   128
       Plate armour      |       |       |   167 |   184 ||   351
Dodge: Dodged            |    55 |    66 |   149 |   108 ||   378
Block: Kite shield       |       |       |       |   244 ||   244

Table legend: (Time is in decaauts)
 A = Elapsed time spent in this place.
 B = Non-inter-level travel time spent in this place.
 C = Inter-level travel time spent in this place.
 D = Time resting spent in this place.
 E = Time spent auto-exploring this place.
 F = Levels seen in this place.
 G = Mean time per level.
                   A        B        C        D        E       F      G
               +--------+--------+--------+--------+--------+-----+--------+
         Total |  12419 |  11722 |    697 |   2424 |   6906 |  11 | 1129.0 |
       Dungeon |  12043 |  11346 |    697 |   2424 |   6705 |  10 | 1204.3 |
         Sewer |    375 |    375 |      0 |      0 |    201 |   1 |  375.0 |
               +--------+--------+--------+--------+--------+-----+--------+

Top non-repeatable levels by time:
     D:4: 1735 daAuts
     D:9: 1491 daAuts
     D:8: 1272 daAuts
     D:5: 1260 daAuts
     D:3: 1150 daAuts
     D:2: 1113 daAuts
    D:10: 1049 daAuts
     D:6: 1033 daAuts
     D:1: 1013 daAuts
     D:7: 924 daAuts
   Sewer: 375 daAuts
